 Dungeon Crawl Stone Soup version 0.29-a0-613-gf2c431b9b9 (webtiles) character file.

Game seed: 18033966827649454359

52 nrs142 the Slasher (level 3, -1/33 HPs)
             Began as a Minotaur Monk on June 16, 2022.
             Slain by an orc priest
             ... wielding a +0 hand axe
              (3 damage)
             ... on level 3 of the Dungeon.
             The game lasted 00:03:23 (1926 turns).

nrs142 the Slasher (Minotaur Monk)                  Turns: 1926, Time: 00:03:25

Health: -1/33      AC:  2    Str: 17    XL:     3   Next: 60%
Magic:  2/2        EV: 13    Int:  7    God:
Gold:   59         SH:  0    Dex: 12    Spells: 2/2 levels left

rFire   . . .      SeeInvis .   a - +0 falchion
rCold   . . .      Faith    .   (no shield)
rNeg    . . .      Spirit   .   b - +0 robe
rPois   .          Reflect  .   (helmet restricted)
rElec   .          Harm     .   (no cloak)
rCorr   .          Rampage  .   (no gloves)
Will    +....                   (no boots)
Stlth   ++........              (no amulet)
HPRegen 0.11/turn               k - ring of willpower
MPRegen 0.08/turn               (no ring)

@: lethally poisoned (-1 -> -5)
A: horns 2, retaliatory headbutt
a: no special abilities


You were on level 3 of the Dungeon.
You visited 1 branch of the dungeon, and saw 3 of its levels.

You collected 59 gold pieces.

Inventory:

Hand Weapons
 a - a +0 falchion (weapon)
Armour
 b - a +0 robe (worn)
Jewellery
 k - a ring of willpower (left hand)
Scrolls
 d - 3 scrolls of identify {unknown}
 e - 2 scrolls of noise {unknown}
 f - a scroll of enchant armour {unknown}
 h - 6 scrolls of teleportation {unknown}
 i - a scroll of fear {unknown}
 l - a scroll of immolation {unknown}
Potions
 c - a potion of ambrosia


   Skills:
 + Level 4.2 Fighting
 + Level 0.9(2.5) Short Blades
 + Level 4.2(4.3) Long Blades
 + Level 1.0 Armour
 - Level 3.5 Dodging
 - Level 2.0 Stealth


You had 2 spell levels left.
You didn't know any spells.
Your spell library contained the following spells:

 Spells                   Type           Power      Damage    Failure   Level
 Foxfire                  Conj/Fire      0%         2x1d4     43%         1
 Conjure Flame            Conj/Fire      0%         6-21      80%         3
 Inner Flame              Hex/Fire       0%         N/A       80%         3
 Flame Wave               Conj/Fire      0%         2d4       99%         4


Dungeon Overview and Level Annotations

Branches:
Dungeon (3/15)

Altars:
Ru

Annotations:
D:3 Grinder


Innate Abilities, Weirdness & Mutations

You have a pair of horns on your head.
You reflexively headbutt those who attack you in melee.


Message History

You hit the orc.
The orc is heavily wounded.
You hear a shout!
The orc hits you with a +0 mace.
You hit the orc but do no damage.
The orc is heavily wounded.
The orc priest looks satisfied for a moment.
The orc closely misses you.
You hit the orc but do no damage. You headbutt the orc.
The orc is heavily wounded.
You closely miss the orc. The orc hits you but does no damage.
You closely miss the orc.
The orc is heavily wounded.
The orc barely misses you. You furiously retaliate!
You headbutt the orc!
You kill the orc!
The orc hits you with a +0 mace.
You hit the orc.
The orc is almost dead.
The orc hits you but does no damage.
The orc priest invokes the aid of Beogh against you.
Beogh smites you!
* * * LOW HITPOINT WARNING * * *
You are too injured to fight recklessly!
It was a potion of curing.
You feel better. The adder barely misses you. The orc hits you with a +0 mace.
The orc priest looks braver for a moment.
You are too injured to fight recklessly!
You are too injured to fight recklessly!
You hit the orc but do no damage.
The orc is almost dead.
The adder closely misses you. You furiously retaliate!
You headbutt the adder! The adder barely misses you.
The orc hits you with a +0 mace!
* * * LOW HITPOINT WARNING * * *
It was a potion of cancellation.
You feel magically purged. The adder bites you.
* * * LOW HITPOINT WARNING * * *
You are lethally poisoned!
The adder poisons you!
The orc priest hits you with a +0 hand axe.
You die...

. #.. #.#..
##.#.. ###
......# ...#
..#.... ...#
......o ...
.....oS###.#
......o@##.####
......o.......#
.#.#..###..##.##
#.. #†.# .#
#..###†.# .#
#.......#.# ...
.# ##.###...#
#.........##
#.##.# . #..
...... #.# #.#
#.#.#


You could see 2 orc priests, an adder and 2 orcs.

Vanquished Creatures
  An adder (D:2)
  A worm (D:2)
  A dart slug (D:1)
  An orc (D:3)
  4 ball pythons
  An endoplasm (D:1)
  A giant cockroach (D:2)
  3 hobgoblins
  A quokka (D:2)
  4 bats
  A frilled lizard (D:2)
  8 goblins
  5 kobolds
  5 rats
37 creatures vanquished.

Vanquished Creatures (others)
  4 plants (D:2)
  5 toadstools (D:1)
9 creatures vanquished.

Grand Total: 46 creatures vanquished

Notes
Turn   | Place    | Note
-------+----------+-------------------------------------------
     0 | D:1      | nrs142 the Minotaur Monk began the quest for the Orb.
     0 | D:1      | Reached XP level 1. HP: 19/19 MP: 0/0
   304 | D:1      | Reached XP level 2. HP: 27/27 MP: 1/1
   965 | D:2      | Reached XP level 3. HP: 24/33 MP: 2/2
  1261 | D:2      | Found a faded altar of an unknown god.
  1264 | D:2      | Prayed at the altar of an unknown god.
  1264 | D:2      | Became a worshipper of Ru the Awakened
  1265 | D:2      | Fell from the grace of Ru
  1831 | D:3      | Noticed Grinder
  1851 | D:3      | Reached skill level 1 in Armour
  1926 | D:3      | Slain by an orc priest

Illustrated notes

Levels and vault maps discovered:
D:1:      ldierk_walled_garden, layout_loops_ring
D:2:      layout_loops_ring, chequers_ecumenical_altar_grove,
          serial_bayou_ford_a, kennysheep_generic_room_9
D:3:      layout_loops_ring, uniq_grinder

Skill      XL: |  1  2  3 |
---------------+----------+-----
Stealth        | 2 |  2.0
Fighting       | 4 |  4.2
Long Blades    | 4 |  4.2
Armour         | 1 |  1.0
Short Blades   | |  0.9
Dodging        | |  3.5

Action                   || total
-------------------------++-------
Melee: Falchion          ||    86
       Headbutt          ||    10
       Punch             ||     1
Invok: Renounce Religion ||     1
  Use: Potion            ||     2
 Stab: Sleeping          ||     1
Armor: Robe              ||    11
Dodge: Dodged            ||    49

Table legend: (Time is in decaauts)
 A = Elapsed time spent in this place.
 B = Non-inter-level travel time spent in this place.
 C = Inter-level travel time spent in this place.
 D = Time resting spent in this place.
 E = Time spent auto-exploring this place.
 F = Levels seen in this place.
 G = Mean time per level.
                   A        B        C        D        E       F      G
               +--------+--------+--------+--------+--------+-----+--------+
         Total |   1942 |   1860 |     82 |      0 |   1625 |   3 |  647.3 |
       Dungeon |   1942 |   1860 |     82 |      0 |   1625 |   3 |  647.3 |
               +--------+--------+--------+--------+--------+-----+--------+

Top non-repeatable levels by time:
     D:2: 1097 daAuts
     D:1: 746 daAuts
     D:3: 97 daAuts
